 Dungeon Crawl Stone Soup version 0.29-a0-321-gf1c400731a (webtiles) character file.

Game seed: 2988713199226340128

2 Flugslaktarn the Vexing (level 1, -1/14 HPs)
             Began as a Palentonga Enchanter on Apr 2, 2022.
             Slain by a jackal (2 damage)
             ... on level 1 of the Dungeon.
             The game lasted 00:00:25 (58 turns).

Flugslaktarn the Vexing (Palentonga Enchanter)        Turns: 58, Time: 00:00:26

Health: -1/14      AC:  4    Str: 11    XL:     1   Next: 25%
Magic:  3/3        EV:  9    Int: 15    God:
Gold:   0          SH:  0    Dex: 10    Spells: 4/4 levels left

rFire   . . .      SeeInvis +   a - +1 dagger
rCold   . . .      Faith    .   (no shield)
rNeg    . . .      Spirit   .   b - +0 robe
rPois   .          Reflect  .   (no helmet)
rElec   .          Harm     .   (no cloak)
rCorr   .          Rampage  .   (no gloves)
Will    .....                   (no barding)
Stlth   ++........              (no amulet)
HPRegen 0.04/turn               (no ring)
MPRegen 0.08/turn               (no ring)

@: no status effects
A: large, rugged brown scales 3, see invisible, deformed body, roll 1, armoured
tail
a: Rolling Charge


You were on level 1 of the Dungeon.
You visited 1 branch of the dungeon, and saw 1 of its levels.

Inventory:

Hand Weapons
 a - a +1 dagger (weapon)
Armour
 b - a +0 robe (worn)
Potions
 c - 2 potions of invisibility
 d - a potion of brilliance {unknown}


   Skills:
 + Level 0.6 Fighting
 - Level 1.0 Short Blades
 - Level 1.5 Dodging
 - Level 2.0 Stealth
 - Level 2.0 Spellcasting
 - Level 3.0 Hexes


You had 4 spell levels left.
You didn't know any spells.
Your spell library contained the following spells:

 Spells                   Type           Power      Damage    Failure   Level
 Ensorcelled Hibernation  Hex/Ice        12%        N/A       19%         2
 Confusing Touch          Hex            10%        N/A       19%         3
 Tukima's Dance           Hex            10%        N/A       19%         3
 Dazzling Flash           Conj/Hex       12%        N/A       34%         3


Dungeon Overview and Level Annotations

Branches:
Dungeon (1/15)

Altars:


Innate Abilities, Weirdness & Mutations

You are completely covered in rugged brown scales. (AC +3, +7% HP)
You have supernaturally acute eyesight. (SInv)
Armour fits poorly on your strangely shaped body.
You can roll at nearby foes to attack.
You have a long armoured tail.


Message History

Welcome, Flugslaktarn the Palentonga Enchanter.
The sublime Orb of Zot lies far below, as if waiting for you to find it.
Press ? for a list of commands and other information.
Found a scale mail and a robe.
Found a staircase leading out of the dungeon.
Found a ring mail.
A bat comes into view.
Roll where?
Press: ? - help, Dir - move target, f - bat
Aim: a bat (asleep)
You roll forward with a clatter of scales!
You barely miss the bat. The bat hits you but does no damage. The bat hits you.
The bat barely misses you.
You barely miss the bat. The bat hits you. The bat completely misses you.
You miss the bat. The bat hits you but does no damage.
You closely miss the bat. The bat hits you but does no damage. x2
The bat closely misses you. The bat barely misses you.
You hit the bat.
You kill the bat!
No target in view!
Found an inky potion.
Found a stone staircase leading down.
Found 7 stones and a pair of boots.
d - an inky potion A dart slug comes into view.
The dart slug launches a dart at you.
The slug dart hits you. 2 jackals come into view.
The jackal barks!
The dart slug launches a dart at you. The slug dart hits you.
Roll where?
Press: ? - help, Dir - move target, f - dart slug
Aim: a dart slug You roll forward with a clatter of scales!
Found a runed emerald amulet.
You hit the dart slug.
The dart slug is moderately wounded.
The dart slug barely misses you. The jackal attacks as you move away!
The jackal bites you but does no damage.
An endoplasm comes into view.
You see here a +0 pair of boots.
The dart slug bites you. The jackal barely misses you.
The endoplasm quivers.
The jackal barks!
The dart slug launches a dart at you. The slug dart hits you.
You see here an amulet of faith.
The jackal barely misses you. The jackal attacks as you move away!
The jackal bites you.
You hit the jackal. Your punch misses the jackal.
The jackal is moderately wounded.
The jackal completely misses you. The jackal barely misses you.
You hit the jackal.
You kill the jackal!
You closely miss the jackal.
The jackal bites you but does no damage.
You hit the jackal but do no damage.
The jackal bites you but does no damage.
The jackal completely misses you.
You hit the jackal but do no damage.
The jackal bites you but does no damage.
You closely miss the jackal. The jackal barely misses you.
The jackal bites you but does no damage.
You hit the jackal but do no damage. The jackal bites you.
* * * LOW HITPOINT WARNING * * *
You hit the jackal.
Your tail-slap misses the jackal.
The jackal is heavily wounded.
The jackal completely misses you.
You barely miss the jackal.
You tail-slap the jackal, but do no damage.
The jackal is heavily wounded.
The jackal bites you.
* * * LOW HITPOINT WARNING * * *
The jackal bites you but does no damage.
You closely miss the jackal.
The jackal is heavily wounded.
The jackal bites you.
You die...

#......##.........#####
#..#..(...##.#>.........
#....#[#####.#.#.#.#####
#.#.#...# #.#.#.#.# #
#..w..# #.......#
###J..# ###.#.###
#.###.## #.#.#
#....#######.#.#
#.###.Jh@.....#.#
#....w######## #.###.# #
..# .#.# ..... ## ...
#..


You could see a dart slug, an endoplasm and a jackal.

Vanquished Creatures
  A jackal (D:1)
  A bat (D:1)
2 creatures vanquished.

Notes
Turn   | Place    | Note
-------+----------+-------------------------------------------
     0 | D:1      | Flugslaktarn the Palentonga Enchanter began the quest for
                  | the Orb.
     0 | D:1      | Reached XP level 1. HP: 13/13 MP: 3/3
    58 | D:1      | Slain by a jackal

Illustrated notes

Levels and vault maps discovered:
D:1:      minmay_arrival_hallway, layout_loops_ring,
          hangedman_decor_peaks_small, minmay_door_square,
          dreamdust_princess_bridge

Action                   || total
-------------------------++-------
Melee: Dagger            ||    16
       Tailslap          ||     1
 Abil: Rolling Charge    ||     2
Armor: Robe              ||    10
Dodge: Dodged            ||    12

Table legend: (Time is in decaauts)
 A = Elapsed time spent in this place.
 B = Non-inter-level travel time spent in this place.
 C = Inter-level travel time spent in this place.
 D = Time resting spent in this place.
 E = Time spent auto-exploring this place.
 F = Levels seen in this place.
 G = Mean time per level.
                   A        B        C        D        E       F      G
               +--------+--------+--------+--------+--------+-----+--------+
         Total |     57 |     57 |      0 |      0 |      0 |   1 |   57.0 |
       Dungeon |     57 |     57 |      0 |      0 |      0 |   1 |   57.0 |
               +--------+--------+--------+--------+--------+-----+--------+

Top non-repeatable levels by time:
     D:1: 57 daAuts
